 Dungeon Crawl Stone Soup version 0.29-a0-334-gb41bcbb86e (webtiles) character file.

Game seed: 12504808067645265183

133 spiderkeys the Ducker (level 4, -3/24 HPs)
             Began as a Spriggan Abyssal Knight on Apr 14, 2022.
             Was a Priest of Lugonu.
             Killed by divine providence
             ... invoked by an orc priest
              (17 damage)
             ... on level 3 of the Dungeon on Apr 15, 2022.
             The game lasted 00:02:48 (1630 turns).

spiderkeys the Ducker (Spriggan Abyssal Knight)     Turns: 1630, Time: 00:02:49

Health: -3/24      AC:  3    Str: 15    XL:     4   Next: 94%
Magic:  6/6        EV: 19    Int: 11    God:    Lugonu [***...]
Gold:   125        SH:  0    Dex: 17    Spells: 3/3 levels left

rFire   . . .      SeeInvis +   a - +2 dagger (distort)
rCold   . . .      Faith    .   (no shield)
rNeg    . . .      Spirit   .   c - +0 robe
rPois   .          Reflect  .   (helmet restricted)
rElec   .          Harm     .   s - +0 cloak
rCorr   .          Rampage  .   (gloves unavailable)
Will    .....                   (boots unavailable)
Stlth   +++.......              (no amulet)
HPRegen 0.08/turn               S - +6 ring of strength
MPRegen 0.10/turn               (no ring)

@: very quick
A: very small, no large weapons, unfitting armour, see invisible, speed 3
a: Renounce Religion, Depart the Abyss, Bend Space, Banish


You were on level 3 of the Dungeon.
You worshipped Lugonu.
Lugonu was most pleased with you.
You visited 1 branch of the dungeon, and saw 3 of its levels.
You visited the Abyss 1 time.

You collected 125 gold pieces.


Innate Abilities, Weirdness & Mutations

You are very small and have problems with some larger weapons.
You are too small for most types of armour.
You have supernaturally acute eyesight. (SInv)
You cover ground extremely quickly. (Speed+++)


   Skills:
 + Level 3.1 Fighting
 + Level 3.3 Short Blades
 + Level 4.4 Dodging
 + Level 3.3 Stealth
 - Level 2.0 Invocations


You had 3 spell levels left.
You didn't know any spells.
Your spell library was empty.

Inventory:

Hand Weapons
 a - a +2 dagger of distortion (weapon)
   (You took it off a goblin on level 1 of the Dungeon)
 b - a +0 hunting sling
   (You found it on level 1 of the Dungeon)
 d - a +1 short sword
Missiles
 u - 19 stones
Armour
 c - a +0 robe (worn)
 l - a +0 robe
   (You found it on level 2 of the Dungeon)
 q - a +0 robe
   (You took it off Jessica on level 2 of the Dungeon)
 r - a +0 robe
   (You found it on level 2 of the Dungeon)
 s - a +0 cloak (worn)
   (You took it off Crazy Yiuf on level 2 of the Dungeon)
Jewellery
 C - a ring of ice
   (You found it on level 3 of the Dungeon)
 S - a +6 ring of strength (left hand)
   (You found it on level 1 of the Dungeon)
Scrolls
 f - a scroll of fear {unknown}
 g - 2 scrolls of identify {unknown}
 h - a scroll of noise {unknown}
 i - a scroll of teleportation {unknown}
 m - a scroll of silence {unknown}
 n - 2 scrolls of holy word {unknown}
Potions
 e - 2 potions of cancellation {unknown}
 j - a potion of attraction {unknown}
 k - 3 potions of heal wounds {unknown}
 o - a potion of curing {unknown}
 p - a potion of haste {unknown}
 t - a potion of magic {unknown}

Dungeon Overview and Level Annotations

Branches:
Dungeon (3/15)

Altars:

Shops:
D:1

! ### # ..# #.
#o# #.#####o#
#.....#@#
####.....#.#
...#.......#
#.......### #
##......###.##.#
#.............#
###........#..#
#+ ##..........#
+. #..######.##


You could see an orc priest and an orc.


Message History

Your hp is fully restored (24).
r - a +0 robe
Found a stone staircase leading down.
Crazy Yiuf shouts!
Crazy Yiuf screams, "Mountain tea eyeball!"
Key pressed, stopping explore.
No target in view!
No target in view!
You open the door. You completely miss Crazy Yiuf.
Crazy Yiuf says, "Proton ena leg!"
Crazy Yiuf closely misses you.
You hit Crazy Yiuf.
Space warps horribly around Crazy Yiuf!
You hit Crazy Yiuf.
Space warps horribly around Crazy Yiuf!!
You kill Crazy Yiuf!
Lugonu accepts your kill.
s - a +0 cloak;
t - a smoky white potion
There is an open translucent door here.
You see here a +3 quarterstaff of chaos.
You start putting on your armour.
You continue putting on your +0 cloak. x4
You finish putting on your +0 cloak.
Done exploring.
Done exploring.
Done exploring.
There is an open translucent door here.
You see here a +3 quarterstaff of chaos.
There is a stone staircase leading down here.
You climb downwards.
There is a stone staircase leading up here.
A ball python comes into view.
Found a stone staircase leading down.
The helpless ball python fails to defend itself.
You impale the ball python!!
You kill the ball python!
Lugonu accepts your kill.
No target in view!
u - 19 stones A ball python comes into view.
A ball python is nearby!
A ball python is nearby!
The helpless ball python fails to defend itself.
You impale the ball python!!
You kill the ball python!
Lugonu accepts your kill.
No target in view!
No target in view!
k - 3 lumpy orange potions (gained 1)
You see here a ball python corpse.
An endoplasm comes into view.
The endoplasm quivers.
An endoplasm is nearby!
An endoplasm is nearby!
The endoplasm barely misses you.
You hit the endoplasm. The endoplasm freezes you.
You are frozen. 😕 HP[-4]
You take 4 damage, and now have 20/24 hp.
You hit the endoplasm.
You kill the endoplasm!
Lugonu accepts your kill. 😕 HP[+1] No target in view!
No target in view!
An endoplasm comes into view. 😕 HP[+1]
An endoplasm is nearby!
You see here a ring of ice.
You catch the helpless endoplasm completely off-guard!
You puncture the endoplasm!
You kill the endoplasm!
Lugonu accepts your kill.
No target in view!
No target in view!
C - a ring of ice 😎 HP[+2]
Your hp is fully restored (24).
Okay, then.
You now have 125 gold pieces (gained 16).
An orc priest comes into view. It is wielding a +0 short sword.
The orc priest shouts!
You hear a shout! x2
An orc priest is nearby!
An orc priest is nearby!
An orc priest is nearby!
The orc priest invokes the aid of Beogh against you.
You struggle to resist.
You barely miss the orc priest.
An orc comes into view.
It is wielding a +2 hand axe of distortion.
The orc priest mumbles some strange prayers to Beogh against you.
Pain shoots through your body! 😮 HP[-10]
You take 10 damage, and now have 14/24 hp.
MASSIVE DAMAGE!! (PAUSE)
You hit the orc priest but do no damage.
Space warps horribly around the orc priest!
The orc priest calls down the wrath of Beogh upon you.
Beogh smites you!
Ouch! That really hurt!
You die...

Skill      XL: |  1  2  3  4 |
---------------+-------------+-----
Stealth        | 1 2 3 |  3.3
Invocations    | 2 |  2.0
Short Blades   | 3 |  3.3
Dodging        | 4 |  4.4
Fighting       | 3 |  3.1

Action                   |  1- 3 |  4- 6 || total
-------------------------+-------+-------++-------
Melee: Short sword       |     8 |       ||     8
       Dagger            |    45 |    21 ||    66
       Punch             |     1 |       ||     1
 Fire: Hunting sling     |    25 |       ||    25
 Stab: Sleeping          |       |     3 ||     3
       Distracted        |       |     1 ||     1
Armor: Robe              |     5 |       ||     5
Dodge: Dodged            |    53 |     6 ||    59

Levels and vault maps discovered:
D:1:      saegor_arrival_simple_b, layout_rooms,
          shapermc_ecumenical_altar_acropolis, serial_shops, shop
D:2:      layout_basic, kennysheep_generic_room_9, uniq_jessica, uniq_terence,
          uniq_crazy_yiuf_cottage
D:3:      layout_basic, nemelex_dance_club_becter

Notes
Turn   | Place    | Note
-------+----------+-------------------------------------------
     0 | Abyss:1  | spiderkeys the Spriggan Abyssal Knight began the quest for
                  | the Orb.
     0 | Abyss:1  | Reached XP level 1. HP: 11/11 MP: 3/3
     0 | Abyss:1  | magus.rc [v1.11.3]
    27 | Abyss:1  | Found a corrupted altar of Lugonu.
    52 | Abyss:1  | Noticed a large abomination
    57 | D:1      | You pass through the gate.
    57 | D:1      | Escaped the Abyss
   258 | D:1      | Found a faded altar of an unknown god.
   392 | D:1      | Reached skill level 1 in Stealth
   392 | D:1      | Reached skill level 2 in Invocations
   392 | D:1      | Reached XP level 2. HP: 14/16 MP: 4/4
   614 | D:1      | Found Waaqat's Distillery.
   879 | D:2      | Reached XP level 3. HP: 16/19 MP: 5/5
   932 | D:2      | Reached skill level 2 in Stealth
   985 | D:2      | Noticed Terence
   995 | D:2      | Killed Terence
   996 | D:2      | Reached skill level 3 in Short Blades
   996 | D:2      | Reached skill level 4 in Dodging
  1293 | D:2      | Reached XP level 4. HP: 23/23 MP: 6/6
  1296 | D:2      | Reached *** piety under Lugonu
  1382 | D:2      | Noticed Jessica
  1391 | D:2      | Killed Jessica
  1392 | D:2      | Reached skill level 3 in Fighting
  1392 | D:2      | Reached skill level 3 in Stealth
  1476 | D:2      | Found a runed translucent door.
  1477 | D:2      | Noticed Crazy Yiuf
  1511 | D:2      | Killed Crazy Yiuf
  1630 | D:3      | Killed from afar by an orc priest

Vanquished Creatures
  Crazy Yiuf (D:2)
  Jessica (D:2)
  Terence (D:2)
  2 adders (D:2)
  8 ball pythons
  A bat (D:1)
  2 endoplasms (D:3)
  3 giant cockroaches
  2 hobgoblins
  2 jackals (D:2)
  A kobold (D:1)
  A quokka (D:1)
  4 goblins
  2 rats
31 creatures vanquished.

Table legend:
 A = Non-vault XP
 B = Vault XP
 C = Vault XP percentage of total XP
 D = Non-vault monster count
 E = Vault monster count
 F = Vault count percentage of total count
                 A         B        C        D         E       F
            +---------+---------+-------+---------+---------+-------
      Total |      77 |     114 |  59.7 |      29 |       4 |  12.1
            +---------+---------+-------+---------+---------+-------
        D:1 |      23 |       0 |   0.0 |      13 |       0 |   0.0
        D:2 |      47 |     114 |  70.8 |      12 |       4 |  25.0
        D:3 |       7 |       0 |   0.0 |       4 |       0 |   0.0
            +---------+---------+-------+---------+---------+-------

Illustrated notes

Table legend:
 A = Kills in this place as a percentage of kills in entire the game.
 B = Kills by you in this place as a percentage of kills by you in the entire game.
 C = Kills by friends in this place as a percentage of kills by friends in the entire game.
 D = Other kills in this place as a percentage of other kills in the entire game.
 E = Experience gained in this place as a percentage of experience gained in the entire game.
 F = Experience gained in this place divided by the number of levels of this place that you have seen.
                   A       B       C       D       E      F
               +-------+-------+-------+-------+-------+----------------------
         Total | 100.0 | 100.0 |   N/A | 100.0 | 100.0 |  47.8
       Dungeon | 100.0 | 100.0 |   N/A | 100.0 | 100.0 |  63.7
               +-------+-------+-------+-------+-------+----------------------

Table legend: (Time is in decaauts)
 A = Elapsed time spent in this place.
 B = Non-inter-level travel time spent in this place.
 C = Inter-level travel time spent in this place.
 D = Time resting spent in this place.
 E = Time spent auto-exploring this place.
 F = Levels seen in this place.
 G = Mean time per level.
                   A        B        C        D        E       F      G
               +--------+--------+--------+--------+--------+-----+--------+
         Total |   1251 |   1208 |     43 |    120 |    858 |   4 |  312.8 |
       Dungeon |   1216 |   1173 |     43 |    120 |    842 |   3 |  405.3 |
         Abyss |     34 |     34 |      0 |      0 |     15 |   1 |   34.0 |
               +--------+--------+--------+--------+--------+-----+--------+

Top non-repeatable levels by time:
     D:2: 622 daAuts
     D:1: 525 daAuts
     D:3: 69 daAuts
 Abyss:1: 34 daAuts
